 Seeded DCSS version 0.29-a0-88-g03a7b78be7 (webtiles) character file.

Game seed: 99999999999 (custom seed)

1991 knot the Cleaver (level 9, 58/65 HPs)
             Began as a Demonspawn Berserker on Feb 5, 2022.
             Was a Priest of Trog.
             Quit the game on level 6 of the Dungeon.
             The game lasted 00:06:01 (6955 turns).

knot the Cleaver (Demonspawn Berserker)             Turns: 6955, Time: 00:06:02

Health: 58/65      AC:  4    Str: 17    XL:     9   Next: 1%
Magic:  15/18      EV: 16    Int: 12    God:    Trog [***...]
Gold:   292        SH:  0    Dex: 12    Spells: 8/8 levels left

rFire   . . .      SeeInvis .   B - +5 hunting sling "Nifodas" {freeze, Drain rC+++ MP+9 Dex-2}
rCold   + + +      Faith    .   (no shield)
rNeg    . . .      Spirit   +   b - +0 animal skin
rPois   .          Reflect  .   (helmet restricted)
rElec   .          Harm     .   (no cloak)
rCorr   .          Rampage  .   x - +0 pair of gloves
Will    .....                   (no boots)
Stlth   +.........              s - amulet of guardian spirit
HPRegen 0.20/turn               m - +4 ring of evasion
MPRegen 0.16/turn               (no ring)

@: no status effects
A: antennae 2, rugged brown scales 1, powered by death 1, demonic magic 1
a: Renounce Religion, Berserk, Trog's Hand


You were on level 6 of the Dungeon.
You worshipped Trog.
Trog was most pleased with you.
You visited 1 branch of the dungeon, and saw 6 of its levels.

You collected 292 gold pieces.

Inventory:

Hand Weapons
 a - a +0 hand axe
 B - the +5 hunting sling "Nifodas" (weapon) {freeze, Drain rC+++ MP+9 Dex-2}
   (You found it on level 4 of the Dungeon)

   Any ammunition fired from it freezes those it strikes, dealing additional
   cold damage.
   It can also slow down cold-blooded creatures.
   Dex:       It affects your dexterity (-2).
   rC:        It renders you almost immune to cold.
   MP:        It affects your magic capacity (+9).
   Drain:     It drains your maximum health when unequipped.
Missiles
 c - 4 sling bullets (quivered ammo)
 d - 170 stones
 k - 22 poisoned darts
 l - 23 bolts
 n - 2 throwing nets
 o - 4 boomerangs
 q - 57 arrows
 t - 4 datura-tipped darts
 A - 4 curare-tipped darts
Armour
 b - a +0 animal skin (worn)
 x - a +0 pair of gloves (worn)
Jewellery
 m - a +4 ring of evasion (left hand)
 s - an amulet of guardian spirit (around neck)
Wands
 g - a wand of paralysis (11)
 p - a wand of polymorph (8)
 y - a wand of mindburst (7)
 G - a wand of charming (9)
Scrolls
 e - 3 scrolls of identify {unknown}
 f - a scroll of blinking {unknown}
 j - 2 scrolls of noise {unknown}
 r - 2 scrolls of magic mapping {unknown}
 u - 2 scrolls of vulnerability {unknown}
 v - 2 scrolls of enchant armour {unknown}
 C - a scroll of fog {unknown}
 D - a scroll of silence {unknown}
 F - a scroll of amnesia {unknown}
Potions
 h - a potion of resistance {unknown}
 i - a potion of ambrosia {unknown}
 w - 2 potions of curing {unknown}
 z - a potion of heal wounds {unknown}
 E - a potion of brilliance {unknown}


   Skills:
 - Level 3.3 Fighting
 * Level 8.0 Axes
 * Level 7.2 Throwing
 - Level 2.2 Armour
 - Level 2.2 Dodging


You had 8 spell levels left.
You didn't know any spells.
Your spell library contained the following spells:

 Spells                   Type           Power      Damage    Failure   Level
 Beastly Appendage        Tmut           0%         N/A       32%         1
 Sublimation of Blood     Necr           0%         N/A       45%         2
 Wereblood                Tmut           0%         N/A       45%         2
 Spider Form              Tmut/Pois      0%         N/A       69%         3
 Iskenderun's Battlesphe  Conj           0%         2d6       100%        5
 Iron Shot                Conj/Erth      0%         9d1       100%        6
 Spellforged Servitor     Conj/Summ      0%         N/A       100%        7
 Summon Hydra             Summ           0%         N/A       100%        7


Dungeon Overview and Level Annotations

Branches:
Dungeon (6/15)             Temple (0/1) D:5

Altars:
Dithmenos
Kikubaaqudgha
Ru
Uskayaw
Vehumet
The Shining One


Innate Abilities, Weirdness & Mutations

You have a pair of antennae on your head.
You are partially covered in rugged brown scales. (AC +1, +3% HP)
You regenerate a little health from kills.
Spells you cast may paralyse adjacent enemies.


Message History

You shoot a sling bullet.
The sling bullet closely misses the wight.
A wight comes into view. It is wielding a +0 long sword.
A wight comes into view. It is wielding a +3 dagger of freezing.
You shoot a sling bullet.
The sling bullet barely misses the wight.
The sling bullet hits the wight.
The wight is lightly damaged.
You shoot a sling bullet.
The sling bullet completely misses the wight.
The sling bullet hits the wight!
The wight is heavily damaged.
You shoot a sling bullet.
The sling bullet hits the wight but does no damage.
You shoot a sling bullet. The sling bullet hits the wight.
The wight is moderately damaged.
The wight hits you with a +0 flail!
You shoot a sling bullet. The sling bullet hits the wight!
The wight is almost destroyed.
The wight misses you.
You shoot a sling bullet. The sling bullet hits the wight.
The wight is almost destroyed.
You shoot a sling bullet.
The sling bullet closely misses the wight.
The wight misses you.
You shoot a sling bullet.
The sling bullet closely misses the wight.
The wight barely misses you.
You shoot a sling bullet. The sling bullet hits the wight.
You destroy the wight!
Trog accepts your kill. The wight barely misses you.
The wight closely misses you.
Your Axes skill increases to level 8!
You have reached level 9!
Your experience leads to an increase in your attributes!
Your base attributes are Str 17, Int 10, Dex 14.
Increase (S)trength, (I)ntelligence, or (D)exterity?
You feel clever. x2; Your demonic ancestry asserts itself...
A menacing aura infuses your magic.
Are you sure you want to abandon this character and quit the game? (Confirm with "yes".)

#.... ...((...#
#.... ...(..(#
#.... ######......#
######.#+# #....#
.....# #........#
#######....# ....#
#.....#..#
...........# .(.
#.....#..'
...........#####z##
#.....#..#
.........(.....(@z#
#.....#..#
.....########.....#
#.....#### .....#
..##.....#
#.....#... .....#
...#......#
#######...
.)...##....#......#
#....
..)........#......#
#...#
...........#......#
######...#
...........#......#
#........#
...........+....<.#
#........#


You could see 2 wights.

Vanquished Creatures
  Sigmund (D:5)
  Edmund (D:5)
  A water moccasin (D:6)
  2 sky beasts
  Duvessa (D:5)
  An ice beast (D:6)
  3 ogres
  3 centaurs (D:6)
  A bullfrog (D:6)
  A wyvern zombie (D:6)
  Dowan (D:5)
  A wight (D:6)
  A howler monkey (D:5)
  A jelly (D:6)
  2 orc priests
  A hound (D:6)
  A bullfrog skeleton (D:5)
  A gnoll shaman (D:6)
  3 iguanas
  An orc wizard (D:4)
  A howler monkey zombie (D:4)
  4 gnolls (D:6)
  A howler monkey skeleton (D:6)
  3 adders
  A white imp (D:5)
  An ufetubus (D:5)
  An adder skeleton (D:4)
  A worm (D:2)
  2 dart slugs
  18 orcs
  4 endoplasms
  3 giant cockroaches
  5 goblins
  8 hobgoblins
  3 jackals (D:3)
  8 kobolds
  3 quokkas
  8 ball pythons
  7 bats
  7 frilled lizards
  5 rats
122 creatures vanquished.

Notes
Turn   | Place    | Note
-------+----------+-------------------------------------------
     0 | D:1      | knot the Demonspawn Berserker began the quest for the Orb.
     0 | D:1      | Reached XP level 1. HP: 18/18 MP: 1/1
   306 | D:1      | Gained mutation: You have a pair of small antennae on your
                  | head. [demonic ancestry]
   306 | D:1      | Reached XP level 2. HP: 20/24 MP: 2/2
  1074 | D:1      | Reached skill level 3 in Axes
  1219 | D:2      | Found a faded altar of an unknown god.
  1317 | D:2      | Reached XP level 3. HP: 25/29 MP: 3/3
  1756 | D:3      | Reached skill level 1 in Throwing
  1756 | D:3      | Reached XP level 4. HP: 18/35 MP: 4/4
  2193 | D:3      | Reached ** piety under Trog
  3538 | D:4      | Reached XP level 5. HP: 41/41 MP: 5/5
  3539 | D:4      | Reached skill level 4 in Axes
  3687 | D:4      | Found a sacrificial altar of Ru.
  3849 | D:4      | Noticed an ogre
  3866 | D:4      | Killed an ogre
  4335 | D:4      | Identified the +5 hunting sling "Nifodas" {freeze, Drain
                  | rC+++ MP+9 Dex-2}
  4501 | D:4      | Found a shadowy altar of Dithmenos.
  4628 | D:4      | Gained mutation: You regenerate a little health from kills.
                  | [demonic ancestry]
  4628 | D:4      | Reached XP level 6. HP: 47/47 MP: 6/6
  4807 | D:4      | Found a hide-covered altar of Uskayaw.
  4810 | D:4      | Found a radiant altar of Vehumet.
  4909 | D:5      | Entered Level 5 of the Dungeon
  4950 | D:5      | Noticed a sky beast
  4966 | D:5      | Killed a sky beast
  4967 | D:5      | Reached skill level 5 in Axes
  4975 | D:5      | Gained mutation: You have a pair of antennae on your head.
                  | [demonic ancestry]
  4975 | D:5      | Reached XP level 7. HP: 52/52 MP: 7/7
  5048 | D:5      | Noticed Duvessa
  5052 | D:5      | Noticed Dowan
  5054 | D:5      | Killed Duvessa
  5060 | D:5      | Killed Dowan
  5135 | D:5      | Noticed Sigmund
  5171 | D:4      | Found an ancient bone altar of Kikubaaqudgha.
  5292 | D:5      | Killed Sigmund
  5293 | D:5      | Reached skill level 6 in Axes
  5293 | D:5      | Reached skill level 5 in Throwing
  5361 | D:5      | Found a staircase to the Ecumenical Temple.
  5592 | D:5      | Noticed Edmund
  5598 | D:5      | Killed Edmund
  5599 | D:5      | Gained mutation: You are partially covered in rugged brown
                  | scales. (AC +1, +3% HP) [demonic ancestry]
  5599 | D:5      | Reached XP level 8. HP: 52/59 MP: 8/8
  6183 | D:6      | Reached skill level 7 in Axes
  6204 | D:6      | Reached *** piety under Trog
  6955 | D:6      | Reached skill level 8 in Axes
  6955 | D:6      | Gained mutation: Spells you cast may paralyse adjacent
                  | enemies. [demonic ancestry]
  6955 | D:6      | Reached XP level 9. HP: 58/65 MP: 9/9
  6955 | D:6      | Quit the game

Illustrated notes

Levels and vault maps discovered:
D:1:      minmay_arrival_radiant_lines, layout_basic, bh_walls_and_bars
D:2:      layout_rooms, basic_ecumenical_altar
D:3:      layout_loops_cross, minmay_joined_circles
D:4:      layout_basic, lemuel_tele_altar, nicolae_overflow_hidden_temple,
          nicolae_dithmenos_through_a_glass_darkly, nrook_campfire
D:5:      layout_loops_ring, minmay_temple_entry_proselytizer,
          grunt_ministairs_2, kennysheep_generic_room_9, uniq_sigmund,
          uniq_duvessa, uniq_edmund
D:6:      layout_gridville

Skill      XL: |  1  2  3  4  5  6  7  8 |
---------------+-------------------------+-----
Armour         | 2 |  2.2
Dodging        | 2 |  2.2
Axes           | 3 4 5 6 8 |  8.0
Throwing       | 1 2 3 4 5 7 |  7.2
Fighting       | |  3.3

Action                   |  1- 3 |  4- 6 |  7- 9 || total
-------------------------+-------+-------+-------++-------
Melee: Hand axe          |    94 |   134 |       ||   228
       Punch             |       |     3 |       ||     3
 Fire: Hunting sling     |       |    34 |   141 ||   175
Throw: Dart              |       |     6 |       ||     6
Invok: Berserk           |     4 |     5 |       ||     9
       Trog's Hand       |       |       |     1 ||     1
 Stab: Sleeping          |     1 |     1 |       ||     2
Armor: Animal skin       |    22 |    26 |     9 ||    57
Dodge: Dodged            |    63 |   121 |    61 ||   245

Table legend: (Time is in decaauts)
 A = Elapsed time spent in this place.
 B = Non-inter-level travel time spent in this place.
 C = Inter-level travel time spent in this place.
 D = Time resting spent in this place.
 E = Time spent auto-exploring this place.
 F = Levels seen in this place.
 G = Mean time per level.
                   A        B        C        D        E       F      G
               +--------+--------+--------+--------+--------+-----+--------+
         Total |   7080 |   6949 |    131 |   1794 |   4253 |   6 | 1180.0 |
       Dungeon |   7080 |   6949 |    131 |   1794 |   4253 |   6 | 1180.0 |
               +--------+--------+--------+--------+--------+-----+--------+

Top non-repeatable levels by time:
     D:3: 1560 daAuts
     D:4: 1527 daAuts
     D:1: 1227 daAuts
     D:6: 1004 daAuts
     D:5: 930 daAuts
     D:2: 828 daAuts
